 Dungeon Crawl Stone Soup version 0.27.1 (webtiles) character file.

Game seed: 4564005673613007456

42 r3algoood the Gusty (level 3, 0/19 HPs)
             Began as a Deep Elf Air Elementalist on Aug 31, 2021.
             Slain by a phantom (5 damage)
             ... on level 3 of the Dungeon.
             The game lasted 00:03:56 (1942 turns).

r3algoood the Gusty (Deep Elf Air Elementalist)     Turns: 1942, Time: 00:03:57

Health: 0/19       AC:  4    Str:  5    XL:     3   Next: 35%
Magic:  7/10       EV: 12    Int: 20    God:
Gold:   64         SH:  0    Dex: 15    Spells: 8/9 levels left

rFire    . . .     SeeInvis .   (no weapon)
rCold    . . .     Faith    .   (no shield)
rNeg     . . .     Spirit   .   a - +0 robe
rPois    .         Reflect  .   (no helmet)
rElec    .         Harm     .   (no cloak)
rCorr    .         Rampage  .   (no gloves)
Will     .....                  h - +1 pair of boots
Stlth    ++........             (no amulet)
HPRegen  0.06/turn              (no ring)
MPRegen  0.12/turn              (no ring)

@: no status effects
A: no striking features
a: no special abilities


You were on level 3 of the Dungeon.
You visited 1 branch of the dungeon, and saw 3 of its levels.

You collected 64 gold pieces.

Inventory:

Armour
 a - a +0 robe (worn)
 h - a +1 pair of boots (worn)
Scrolls
 c - a scroll of vulnerability {unknown}
 g - a scroll of enchant armour {unknown}
 i - a scroll of noise {unknown}
Potions
 b - 2 potions of heal wounds {unknown}
 d - a potion of degeneration {unknown}
 e - a potion of magic {unknown}
 f - a potion of curing {unknown}
 j - a potion of haste {unknown}
 k - a potion of might {unknown}
 l - a potion of cancellation {unknown}


   Skills:
 + Level 2.6 Dodging
 + Level 2.7 Stealth
 + Level 3.5 Spellcasting
 + Level 1.6 Conjurations
 + Level 3.8 Air Magic


You had 8 spell levels left.
You knew the following spells:

 Your Spells              Type           Power      Damage    Failure   Level
a - Shock                 Conj/Air       56%        1d6       4%          1

Your spell library contained the following spells:

 Spells                   Type           Power      Damage    Failure   Level
 Static Discharge         Conj/Air       14%        N/A       7%          2
 Swiftness                Air            18%        N/A       9%          3
 Slow                     Hex            3%         N/A       21%         2
 Airstrike                Air            9%         N/A       28%         4
 Confusing Touch          Hex            3%         N/A       38%         3
 Vampiric Draining        Necr           1%         2d6       38%         3


Dungeon Overview and Level Annotations

Branches:
Dungeon (3/15)

Altars:


Message History

The phantom barely misses you. The phantom hits you!
The phantom blinks!
You blink.
The phantom hits you.
The phantom hits you but does no damage.
The phantom barely misses you.
There is a stone staircase leading down here.
The phantom barely misses you.
You climb downwards.
There is a stone staircase leading up here.
Casting: Shock (safe; 4% risk of failure)
Confirm with . or Enter, or press ? or * to list all spells.
Aiming: Shock (safe; 4% risk of failure)
Press: ? - help, Shift-Dir - straight line The zap hits the phantom.
The phantom is moderately damaged.
The zap hits the phantom.
The phantom is heavily damaged.
The phantom barely misses you. The hobgoblin hits you.
* * * LOW HITPOINT WARNING * * *
Unknown command.
Casting: Shock (safe; 4% risk of failure)
Confirm with . or Enter, or press ? or * to list all spells.
Aiming: Shock (safe; 4% risk of failure)
Press: ? - help, Shift-Dir - straight line The zap misses the phantom.
The zap hits the phantom.
The phantom is heavily damaged.
The phantom closely misses you.
The hobgoblin hits you but does no damage.
Casting: Shock (safe; 4% risk of failure)
Confirm with . or Enter, or press ? or * to list all spells.
Aiming: Shock (safe; 4% risk of failure)
Press: ? - help, Shift-Dir - straight line The zap hits the phantom.
The phantom is severely damaged.
The zap misses the phantom.
The phantom hits you but does no damage.
The hobgoblin barely misses you.
Unknown command.
The phantom hits you.
You die...

###
#..
#.#
#g#
#@#
#W#
###


You could see a phantom and a hobgoblin.

Vanquished Creatures
  An adder (D:2)
  2 ball pythons (D:1)
  2 bats
  3 endoplasms
  5 giant cockroaches
  A goblin (D:2)
  5 hobgoblins (D:1)
  2 quokkas
  3 frilled lizards
  5 rats
29 creatures vanquished.

Notes
Turn   | Place    | Note
-------+----------+-------------------------------------------
     0 | D:1      | r3algoood the Deep Elf Air Elementalist began the quest for
                  | the Orb.
     0 | D:1      | Reached XP level 1. HP: 10/10 MP: 6/6
   241 | D:1      | Found a faded altar of an unknown god.
   478 | D:1      | Reached XP level 2. HP: 15/15 MP: 5/8
  1394 | D:2      | Reached XP level 3. HP: 19/19 MP: 2/9
  1913 | D:2      | Noticed a phantom
  1942 | D:3      | Slain by a phantom

Illustrated notes

Levels and vault maps discovered:
D:1:      minmay_arrival_widening_spiral_narrow, layout_loops_corners,
          hellmonk_ecumenical_altar_slurped_away,
          chequers_serial_rivers_small_3, kennysheep_another_room
D:2:      layout_loops_cross, nrook_mini_backslash, minmay_misc_feat_alley
D:3:      layout_basic, uniq_grinder, uniq_jessica, uniq_terence

Action                   || total
-------------------------++-------
 Cast: Shock             ||    58
Armor: Robe              ||     4
Dodge: Dodged            ||    12
